 Dungeon Crawl Stone Soup version 0.31-a0-700-gf13585253f (webtiles) character file.

Game seed: 12211457924825728260

1409 qw the Skirmisher (level 8, 0/51 HPs)
             Began as a Gargoyle Hunter on Sept 7, 2023.
             Slain by a gnoll sergeant
             ... wielding a +0 spear
              (5 damage)
             ... on level 6 of the Dungeon.
             The game lasted 00:02:02 (5015 turns).

qw the Skirmisher (Gargoyle Hunter)                 Turns: 5015, Time: 00:02:03

Health: 0/51       AC: 10    Str: 14    XL:     8   Next: 70%
Magic:  8/8        EV: 12    Int: 11    God:
Gold:   287        SH:  0    Dex: 15    Spells: 7/7 levels left

rFire   . . .        c - +0 orcbow
rCold   + . .        (shield currently unavailable)
rNeg    + . .        a - +1 leather armour {rC+}
rPois   inf          (no helmet)
rElec   +            (no cloak)
rCorr   .            (no gloves)
SInv    +            e - +0 pair of boots
Will    .....        j - amulet of faith
Stlth   ++           b - ring of see invisible
HPRegen 0.28/turn    (no ring)
MPRegen 0.11/turn

%: faith
@: no status effects
A: sickness immunity, AC +5, negative energy resistance 1, electricity
resistance, torment resistance 1, petrification resistance
a: no special abilities


You were on level 6 of the Dungeon.
You visited 1 branch of the dungeon, and saw 6 of its levels.

You collected 287 gold pieces.


Innate Abilities, Weirdness & Mutations

You are immune to sickness and miasma.
Your stone body is resilient. (AC +5)
You are immune to poison.
You resist negative energy. (rN+)
You are resistant to electric shocks. (rElec)
You are resistant to unholy torment.
You are immune to petrification.


   Skills:
 - Level 6.2 Fighting
 + Level 9.6 Ranged Weapons
 - Level 1.1 Armour
 - Level 2.2 Dodging
 - Level 1.1 Stealth


You had 7 spell levels left.
You didn't know any spells.
Your spell library was empty.

Inventory:

Hand Weapons
 c - a +0 orcbow (weapon)
Armour
 a - a +1 leather armour of cold resistance (worn)
 e - a +0 pair of boots (worn)
Jewellery
 b - a ring of see invisible (left hand)
 d - a ring of ice
 j - an amulet of faith (around neck)
 o - an amulet of regeneration
Scrolls
 g - a scroll of identify
 i - a scroll of revelation {unknown}
Potions
 f - a potion of haste
 h - a potion of might
 k - a potion of enlightenment {unknown}
 l - a potion of curing {unknown}
 m - a potion of heal wounds {unknown}

Dungeon Overview and Level Annotations

Branches:
Dungeon (6/15)
 Temple: D:4-7

Altars:
Ashenzari
Fedhas
Hepliaklqana
Makhleb
Qazlal

Annotations:
D:3 1 runed translucent door, Crazy Yiuf
D:5 3 runed translucent doors, qw's ghost, novice GrHs


Message History

You shoot an arrow. The arrow hits the gnoll!
You kill the gnoll!
The gnoll sergeant hits you from afar with a +0 spear!
You shoot an arrow. The arrow hits the gnoll sergeant.
The gnoll sergeant is lightly wounded.
The gnoll sergeant hits you but does no damage.
You shoot an arrow.
The arrow barely misses the gnoll sergeant.
The gnoll sergeant closely misses you.
You shoot an arrow. The arrow hits the gnoll sergeant.
The gnoll sergeant is moderately wounded.
You hear a shout!
The gnoll sergeant hits you from afar with a +0 spear.
You shoot an arrow. The arrow hits the gnoll sergeant.
The gnoll sergeant is moderately wounded.
The gnoll sergeant hits you from afar with a +0 spear!
You shoot an arrow.
The arrow closely misses the gnoll sergeant.
The gnoll sergeant barely misses you.
A gnoll comes into view. It is wielding a +0 spear.
The gnoll sergeant hits you from afar with a +0 spear.
5010 ||| Stepping ~*~*~tactically~*~*~ (outnumbered).
The gnoll sergeant attacks as it pursues you!
The gnoll sergeant barely misses you.
5011 ||| Stepping ~*~*~tactically~*~*~ (outnumbered).
You shoot an arrow.
The arrow hits the gnoll sergeant but does no damage.
The gnoll sergeant is moderately wounded.
The gnoll sergeant hits you from afar with a +0 spear.
You shoot an arrow. The arrow hits the gnoll sergeant!
The gnoll sergeant is severely wounded.
The gnoll sergeant hits you from afar with a +0 spear.
You shoot an arrow. The arrow hits the gnoll sergeant.
The gnoll sergeant is severely wounded.
The gnoll sergeant hits you from afar with a +0 spear.
You shoot an arrow.
The arrow hits the gnoll sergeant but does no damage.
The gnoll sergeant is severely wounded.
The gnoll sergeant hits you from afar with a +0 spear.
You die...

##.....##
##)#.## #.###
##)..###
#..#.(.###
##.####...#####
#..# ###..g)g#
##.## ##.##...#
#..# #.@# #..(#
##.## ##.## #..
#...### +..# #
#+#...####.##
###...#..#
###...## ###.#
###


You could see a gnoll sergeant.

Vanquished Creatures
  Eustachio (D:5)
  Menkaure (D:5)
  A black bear (D:5)
  An ogre (D:5)
  A centaur (D:4)
  A phantom (D:5)
  A kobold brigand (D:6)
  A bullfrog (D:6)
  2 scorpions (D:5)
  A hound (D:5)
  A jelly (D:5)
  2 orc priests
  A gnoll bouda (D:5)
  Jessica (D:3)
  An iguana (D:5)
  4 orc wizards
  6 gnolls
  9 adders
  A white imp (D:5)
  2 worms
  7 dart slugs
  13 orcs
  8 endoplasms
  14 giant cockroaches
  4 hobgoblins
  6 quokkas
  11 ball pythons
  7 bats
  6 frilled lizards
  7 goblins
  6 kobolds
  6 rats
134 creatures vanquished.

Notes
Turn   | Place    | Note
-------+----------+-------------------------------------------
     0 | D:1      | qw the Gargoyle Hunter began the quest for the Orb.
     0 | D:1      | Reached XP level 1. HP: 12/12 MP: 1/1
     0 | D:1      | 0 ||| qw: Version: 0.3-a-76-g4403597
     0 | D:1      | 0 ||| qw: Game counter: 554
     0 | D:1      | 0 ||| qw: Melee chars always use a shield: true
     0 | D:1      | 0 ||| qw: God list: Okawaru
     0 | D:1      | 0 ||| qw: Allow faded altars: false
     0 | D:1      | 0 ||| qw: Do Orc after clearing Dungeon:15 true
     0 | D:1      | 0 ||| qw: Do second Lair branch before Depths: true
     0 | D:1      | 0 ||| qw: Lair rune preference: random
     0 | D:1      | 0 ||| qw: Goals: Normal
     0 | D:1      | 0 ||| PLANNING D:1-11
   119 | D:1      | Reached XP level 2. HP: 17/17 MP: 2/2
   366 | D:1      | Reached XP level 3. HP: 21/21 MP: 3/3
   614 | D:1      | 614 ||| UPGRADING to +0 ring mail.
   624 | D:1      | 624 ||| DROPPING +0 leather armour.
   625 | D:1      | 625 ||| READING scroll labelled VERCHU YMUARYE.
   626 | D:1      | 626 ||| DRINKING 2 brown potions.
   627 | D:1      | 627 ||| DROPPING scroll of butterflies.
   628 | D:1      | 628 ||| DROPPING potion of magic.
   643 | D:2      | 643 ||| STAIRDANCE
   697 | D:2      | Reached skill level 1 in Armour
   698 | D:2      | Reached skill level 5 in Ranged Weapons
   724 | D:2      | Found a broken altar of Ashenzari.
   761 | D:2      | Reached XP level 4. HP: 27/27 MP: 4/4
   802 | D:2      | Reached skill level 3 in Fighting
  1061 | D:2      | 1061 ||| Stepping ~*~*~tactically~*~*~ (outnumbered).
  1175 | D:2      | 1175 ||| UPGRADING to +0 pair of boots.
  1180 | D:2      | 1180 ||| UPGRADING to amulet of faith.
  1185 | D:2      | 1185 ||| UPGRADING to ring of see invisible.
  1186 | D:2      | 1186 ||| READING scroll labelled BUIVAL UN NEH.
  1189 | D:2      | 1189 ||| DRINKING 2 puce potions.
  1190 | D:2      | 1190 ||| DRINKING 2 amethyst potions.
  1191 | D:2      | 1191 ||| DROPPING potion of attraction.
  1192 | D:2      | 1192 ||| DROPPING potion of degeneration.
  1249 | D:3      | Reached XP level 5. HP: 31/32 MP: 5/5
  1300 | D:3      | Found a stormy altar of Qazlal.
  1424 | D:3      | Reached skill level 6 in Ranged Weapons
  1511 | D:3      | Found a burning altar of Makhleb.
  1552 | D:3      | Noticed Jessica
  1556 | D:3      | Killed Jessica
  1557 | D:3      | Reached XP level 6. HP: 38/38 MP: 6/6
  1643 | D:3      | Found a runed translucent door.
  1644 | D:3      | Noticed Crazy Yiuf
  2114 | D:3      | 2114 ||| READING scroll labelled UMICIO BAAGIRCH.
  2115 | D:3      | 2115 ||| READING scroll labelled PANOLAK HAOSO.
  2116 | D:3      | 2116 ||| DRINKING 2 fuming brown potions.
  2165 | D:4      | 2165 ||| STAIRDANCE
  2280 | D:4      | 2280 ||| STAIRDANCE
  2282 | D:4      | 2282 ||| STAIRDANCE
  2284 | D:4      | 2284 ||| STAIRDANCE
  2286 | D:4      | 2286 ||| STAIRDANCE
  2474 | D:4      | 2474 ||| STAIRDANCE
  2595 | D:4      | 2595 ||| STAIRDANCE
  2704 | D:4      | 2704 ||| STAIRDANCE
  2775 | D:3      | 2775 ||| UPGRADING to +1 leather armour of cold resistance.
  2785 | D:3      | 2785 ||| DROPPING +0 ring mail.
  2834 | D:4      | 2834 ||| STAIRDANCE
  2969 | D:4      | 2969 ||| STAIRDANCE
  3532 | D:4      | Reached skill level 7 in Ranged Weapons
  3719 | D:4      | 3719 ||| READING scroll labelled EROHE EZYNIBB.
  3720 | D:4      | 3720 ||| READING scroll labelled YWEUTE ESTITZO.
  3721 | D:4      | 3721 ||| READING scroll labelled SEASACS NAFUA.
  3722 | D:4      | 3722 ||| READING 2 scrolls of identify.
  3722 | D:4      | 3722 ||| IDENTIFYING coppery potion
  3723 | D:4      | 3723 ||| DROPPING potion of berserk rage.
  3743 | D:4      | HP: 4/38 [centaur/arrow (11)]
  3745 | D:4      | HP: 1/38 [centaur/arrow (3)]
  3747 | D:4      | Reached XP level 7. HP: 2/43 MP: 7/7
  3900 | D:4      | 3900 ||| SWAPPING to +0 orcbow.
  3901 | D:4      | 3901 ||| DROPPING +0 shortbow.
  3907 | D:5      | Entered Level 5 of the Dungeon
  4024 | D:5      | Noticed Eustachio
  4037 | D:5      | Killed Eustachio
  4038 | D:5      | Reached skill level 8 in Ranged Weapons
  4090 | D:5      | Found a hazy altar of Hepliaklqana.
  4090 | D:5      | Found a blossoming altar of Fedhas.
  4226 | D:5      | Noticed Menkaure
  4237 | D:5      | Killed Menkaure
  4238 | D:5      | Reached XP level 8. HP: 47/49 MP: 8/8
  4435 | D:5      | Reached skill level 9 in Ranged Weapons
  4451 | D:5      | Found a runed translucent gate.
  4452 | D:5      | Found a runed translucent gate.
  4453 | D:5      | Found a runed translucent gate.
  4454 | D:5      | Noticed qw's ghost (novice GrHs)
  4587 | D:5      | HP: 1/51 [ogre/+0 giant spiked club (23)]
  4590 | D:5      | Reached skill level 6 in Fighting
  4856 | D:5      | 4856 ||| READING 3 scrolls of identify.
  4856 | D:5      | 4856 ||| IDENTIFYING glowing emerald potion
  4857 | D:5      | 4857 ||| READING 2 scrolls of identify.
  4857 | D:5      | 4857 ||| IDENTIFYING glowing puce potion
  4858 | D:5      | 4858 ||| DROPPING potion of lignification.
  5010 | D:6      | 5010 ||| Stepping ~*~*~tactically~*~*~ (outnumbered).
  5011 | D:6      | 5011 ||| Stepping ~*~*~tactically~*~*~ (outnumbered).
  5013 | D:6      | HP: 9/51 [gnoll sergeant/+0 spear (5)]
  5014 | D:6      | HP: 4/51 [gnoll sergeant/+0 spear (5)]
  5015 | D:6      | Slain by a gnoll sergeant

Levels and vault maps discovered:
D:1:      dpeg_arrival_boxorama, layout_basic
D:2:      minmay_roachtagon, layout_rooms, basic_altar,
          kennysheep_generic_room_9
D:3:      layout_basic, bloody_makhleb, nicolae_qazlal_scattered_showers,
          uniq_jessica, uniq_crazy_yiuf_cottage
D:4:      layout_basic, serial_glass, glass_columns_a, glass_columns_a,
          nrook_campfire
D:5:      layout_loops_ring, mainiacjoe_overflow_divided_tiny,
          ebering_ghost_rock_garden, uniq_eustachio, uniq_menkaure
D:6:      minmay_skewed_foursquare, layout_loops_corners, dk_noncrumbling_2,
          grunt_decor_fettered

Skill      XL: |  1  2  3  4  5  6  7  8 |
---------------+-------------------------+-----
Armour         | 1 |  1.1
Ranged Weapons | 5 6 7 8 9 |  9.6
Fighting       | 3 4 5 6 |  6.2
Dodging        | 2 |  2.2
Stealth        | |  1.1

Action                     |  1- 3 |  4- 6 |  7- 9 || total
---------------------------+-------+-------+-------++-------
   Fire: Shortbow          |    87 |   257 |       ||   344
         Orcbow            |       |       |   166 ||   166
    Use: Potion            |     1 |     3 |       ||     4
         Scroll            |     1 |     7 |     2 ||    10
 Armour: Leather armour    |     5 |    17 |    65 ||    87
         Ring mail         |    20 |   111 |       ||   131
  Dodge: Dodged            |    21 |   100 |    50 ||   171

Table legend:
 A = Non-vault XP
 B = Vault XP
 C = Vault XP percentage of total XP
 D = Non-vault monster count
 E = Vault monster count
 F = Vault count percentage of total count
                 A         B        C        D         E       F
            +---------+---------+-------+---------+---------+-------
      Total |    1563 |     451 |  22.4 |     119 |      15 |  11.2
            +---------+---------+-------+---------+---------+-------
        D:1 |      43 |       0 |   0.0 |      25 |       0 |   0.0
        D:2 |      70 |      46 |  39.7 |      22 |      12 |  35.3
        D:3 |     230 |      37 |  13.9 |      33 |       1 |   2.9
        D:4 |     211 |       0 |   0.0 |       9 |       0 |   0.0
        D:5 |     781 |     368 |  32.0 |      21 |       2 |   8.7
        D:6 |     228 |       0 |   0.0 |       9 |       0 |   0.0
            +---------+---------+-------+---------+---------+-------
